Little Stars vs Harfangs
(R1)
Created - 13 avril 2015 at 19:08
Goals
|
Little Stars |
1 |
4 |
2 |
7 |
Harfangs |
1 |
2 |
0 |
3 |
|
Shots
|
Little Stars |
9 |
11 |
11 |
31 |
Harfangs |
15 |
19 |
3 |
37 |
|
1st period
1. Little Stars , Chris Dingman 55 (Kyle Okposo) at 8:35 (PP)
2. Harfangs , Peter Olvecky 42 (Petri Kontiola, Chris Kreider) at 13:12 (PP)
Penalties :
Dustin Jeffrey (BEA) for Hooking (Minor) at 8:33, Marcus Kruger (Tex) for Interference (Minor) at 13:03, Landon Ferraro (Tex) for Hooking (Minor) at 15:38, Chris Kreider (BEA) for Roughing (Minor) at 19:51
2nd period
3. Little Stars , Cody Bass 22 (Jesse Joensuu) at 0:31 (PP)
4. Harfangs , Peter Olvecky 43 (Chris Kreider, Alexandre Picard) at 0:41
5. Little Stars , Cory Murphy 9 (Hugh Jessiman, Cody Bass) at 3:43
6. Little Stars , Cody Bass 23 (Jared Spurgeon) at 5:09
7. Harfangs , Corey Cowick 2 (Mike Hoffman, Brian Lashoff) at 10:03
8. Little Stars , Matt Halischuk 31 (Cameron Schilling, Jared Spurgeon) at 19:24
Penalties :
No Penalty
3rd period
9. Little Stars , Clay Wilson 7 (Matt Halischuk) at 17:30
10. Little Stars , Hugh Jessiman 32 (Cody Bass, Cory Murphy) at 18:09
Penalties :
Mathieu Roy (Tex) for Holding (Minor) at 1:05, Cody Bass (Tex) for Roughing (Minor) at 10:26, Corey Trivino (Tex) for Hooking (Minor) at 19:19
Goalie Stats
Ben Scrivens (Tex), 34 saves from 37 shots - (0,919), W, 10-5-1, 60:00 minutes
Jeremy Duchesne (BEA), 13 saves from 16 shots - (0,813), 34:51 minutes
Peter Budaj (BEA), 11 saves from 15 shots - (0,733), L, 18-10-1, 25:09 minutes
Players Stats for Little Stars
Player Name G A P +/- PIM S H SB GA TA FO MP PP MP PK MP
------------------------------------------------------------------------------------
Alexander Vasyunov 0 0 0 2 0 1 0 0 0 0 0/0 10:09 0:00 1:05
Cameron Schilling 0 1 1 1 0 0 1 0 0 3 0/0 10:30 0:00 0:00
Carl Hagelin 0 0 0 0 0 1 0 0 1 0 0/0 11:20 0:00 0:00
Chris Dingman 1 0 1 -2 0 6 2 2 1 1 4/8 22:25 0:30 3:53
Clay Wilson 1 0 1 1 0 1 1 1 0 0 0/0 17:24 0:06 3:01
Cody Bass 2 2 4 3 2 4 2 0 0 0 1/11 15:04 0:12 0:00
Corey Trivino 0 0 0 0 2 0 0 0 0 1 0/2 11:13 0:00 0:00
Cory Murphy 1 1 2 0 0 1 1 1 0 2 0/0 25:21 0:36 3:45
Danny DeKeiser 0 0 0 1 0 3 1 0 1 0 0/0 6:45 0:00 0:00
Hugh Jessiman 1 1 2 3 0 2 3 0 0 1 0/2 16:08 0:12 1:50
Jared Spurgeon 0 2 2 1 0 0 0 0 0 1 0/0 11:53 0:00 1:18
Jesse Joensuu 0 1 1 3 0 1 1 0 0 2 0/0 15:35 0:12 0:38
Kyle Okposo 0 1 1 -2 0 1 1 2 0 2 4/5 22:18 0:30 3:54
Landon Ferraro 0 0 0 2 2 0 0 0 0 1 2/3 8:47 0:00 0:22
Marcus Kruger 0 0 0 -2 2 2 2 0 0 1 14/24 18:23 0:30 0:00
Mathieu Roy 0 0 0 0 2 1 2 5 0 2 0/0 24:02 0:36 2:27
Matt Halischuk 1 1 2 2 0 3 1 0 0 0 0/0 8:34 0:00 0:00
Matt Pelech 0 0 0 1 0 0 0 0 0 0 0/0 6:45 0:00 0:00
Raphael Diaz 0 0 0 1 0 0 0 0 0 1 0/0 17:24 0:06 3:01
Ryan Vesce 0 0 0 0 0 4 2 1 0 2 0/0 13:09 0:00 1:50
Players Stats for Harfangs
Player Name G A P +/- PIM S H SB GA TA FO MP PP MP PK MP
------------------------------------------------------------------------------------
Alex Killorn 0 0 0 -2 0 3 3 0 3 0 6/7 16:52 2:56 0:00
Alexandre Picard 0 1 1 -1 0 2 4 1 1 1 0/0 27:06 4:27 0:42
Andrew Orpik 0 0 0 0 0 1 1 2 2 0 0/0 20:05 2:19 0:00
Brandon Pirri 0 0 0 1 0 3 0 0 1 0 0/3 9:49 0:07 0:00
Brett Carson 0 0 0 -2 0 2 0 0 1 1 0/0 12:49 0:00 0:00
Brian Lashoff 0 1 1 -2 0 2 1 1 0 0 0/0 12:49 0:00 0:00
Chris Kreider 0 2 2 -1 2 3 4 0 2 0 1/3 19:18 3:47 0:00
Corey Cowick 1 0 1 1 0 4 0 0 0 0 0/0 9:42 0:03 0:00
Craig Smith 0 0 0 -1 0 4 0 0 2 0 2/4 13:22 0:00 0:00
Dustin Jeffrey 0 0 0 -1 2 0 0 0 1 0 0/0 13:21 0:00 0:00
James Wisniewski 0 0 0 -1 0 1 0 0 2 1 0/0 27:06 4:27 0:42
Michal Repik 0 0 0 -2 0 1 0 0 0 0 0/1 16:55 2:56 0:00
Mike Hoffman 0 1 1 1 0 2 1 0 0 0 0/0 9:49 0:07 0:00
Peter Olvecky 2 0 2 -1 0 3 2 1 3 0 1/2 19:12 3:43 0:00
Petri Kontiola 0 1 1 -1 0 2 2 0 0 0 20/35 20:00 3:43 0:42
Roman Wick 0 0 0 -1 0 1 2 0 1 0 0/0 13:22 0:00 0:00
Tomas Tatar 0 0 0 -2 0 1 2 0 0 0 0/0 17:34 2:56 0:42
Victor Bartley 0 0 0 0 0 2 0 1 1 0 0/0 20:05 2:19 0:00
3 Stars
1 - Cody Bass (Tex)
2 - Hugh Jessiman (Tex)
3 - Matt Halischuk (Tex)
Power Play
Little Stars - 2 on 2 Attempt(s) - 100,00%
Harfangs - 1 on 5 Attempt(s) - 20,00%
Penalty Kill
Little Stars - 4 on 5 Attempt(s) - 80,00%
- Score 0 goal in Penalty Kill
Harfangs - 0 on 2 Attempt(s) - 0,00%
- Score 0 goal in Penalty Kill
Team Stat
Little Stars - Hits : 20 - Faceoff Wins : 25 - Blocked Shots : 12 - Penalty Minutes : 10
Harfangs - Hits : 22 - Faceoff Wins : 30 - Blocked Shots : 6 - Penalty Minutes : 4
Official
Referees : Rehman Kyle and Pochmara Brian
Linesman : Brian Murphy and Lonnie Cameron
Game Notes
Jeremy Duchesne enters game at 5:09 of 2nd period
Finance
Level 1 -- Attendance: 1536 (76,80%) -- Ticket Income 46 080 $
Level 2 -- Attendance: 690 (69,00%) -- Ticket Income 10 350 $
Total Attendance: 2226 (74,20%)
Total Ticket Income: 56 430 $
Other Income: 2 822 $
Total Income: 59 252 $
Little Stars
5 vs 5 Forward
Center Left Wing Right Wing Time % Phy DF OF
1 Marcus Kruger Chris Dingman Kyle Okposo 40 1 2 2
2 Cody Bass Jesse Joensuu Hugh Jessiman 30 1 2 2
3 Corey Trivino Carl Hagelin Ryan Vesce 20 1 2 2
4 Landon Ferraro Alexander Vasyunov Matt Halischuk 10 1 2 2
5 vs 5 Defense
Defense Defense Time % Phy DF OF
1 Cory Murphy Mathieu Roy 40 1 2 2
2 Clay Wilson Raphael Diaz 30 1 2 2
3 Cameron Schilling Jared Spurgeon 20 1 2 2
4 Matt Pelech Danny DeKeiser 10 1 2 2
PowerPlay Forward
Center Left Wing Right Wing Time % Phy DF OF
1 Marcus Kruger Chris Dingman Kyle Okposo 60 1 2 2
2 Cody Bass Jesse Joensuu Hugh Jessiman 40 1 2 2
PowerPlay Defense
Defense Defense Time % Phy DF OF
1 Cory Murphy Mathieu Roy 60 1 2 2
2 Clay Wilson Raphael Diaz 40 1 2 2
Penalty Kill 4 Players Forward
Center Wing Time % Phy DF OF
1 Chris Dingman Kyle Okposo 60 1 2 2
2 Hugh Jessiman Ryan Vesce 40 1 2 2
Penalty Kill 4 Players Defense
Defense Defense Time % Phy DF OF
1 Cory Murphy Mathieu Roy 60 1 2 2
2 Clay Wilson Raphael Diaz 40 1 2 2
Penalty Kill - 3 Players Forward
Forward Time % Phy DF OF
1 Chris Dingman 60 1 2 2
2 Kyle Okposo 40 1 2 2
Penalty Kill - 3 Players Defense
Defense Defense Time % Phy DF OF
1 Cory Murphy Mathieu Roy 60 1 2 2
2 Clay Wilson Raphael Diaz 40 1 2 2
4 vs 4 Forward
Center Wing Time % Phy DF OF
1 Chris Dingman Kyle Okposo 60 1 2 2
2 Hugh Jessiman Ryan Vesce 40 1 2 2
4 vs 4 Defense
Defense Defense Time % Phy DF OF
1 Cory Murphy Mathieu Roy 60 1 2 2
2 Clay Wilson Raphael Diaz 40 1 2 2
Last Minutes Offensive
Center Left Wing Right Wing Defense Defense
Marcus Kruger Chris Dingman Kyle Okposo Cory Murphy Mathieu Roy
Last Minutes Defensive
Center Left Wing Right Wing Defense Defense
Marcus Kruger Chris Dingman Kyle Okposo Cory Murphy Mathieu Roy
Goaltenders
Starting : Ben Scrivens
Backup : Erik Ersberg
Extra Forwards
Normal : Matt Halischuk, Carl Hagelin, Alexander Vasyunov - PP : Matt Halischuk, Carl Hagelin - PK : Alexander Vasyunov
Extra Defensemen
Normal : Cameron Schilling, Jared Spurgeon, Matt Pelech - PP : Cameron Schilling - PK : Jared Spurgeon, Matt Pelech
Penalty Shots
Chris Dingman, Kyle Okposo, Hugh Jessiman, Ryan Vesce, Matt Halischuk
Harfangs
5 vs 5 Forward
Center Left Wing Right Wing Time % Phy DF OF
1 Petri Kontiola Chris Kreider Peter Olvecky 40 0 0 5
2 Alex Killorn Tomas Tatar Michal Repik 30 0 0 5
3 Craig Smith Dustin Jeffrey Roman Wick 20 0 0 5
4 Brandon Pirri Corey Cowick Mike Hoffman 10 0 0 5
5 vs 5 Defense
Defense Defense Time % Phy DF OF
1 Alexandre Picard James Wisniewski 40 0 2 3
2 Andrew Orpik Victor Bartley 30 0 2 3
3 Brett Carson Brian Lashoff 20 0 3 2
4 Alexandre Picard James Wisniewski 10 0 2 3
PowerPlay Forward
Center Left Wing Right Wing Time % Phy DF OF
1 Petri Kontiola Chris Kreider Peter Olvecky 60 0 0 5
2 Alex Killorn Tomas Tatar Michal Repik 40 0 0 5
PowerPlay Defense
Defense Defense Time % Phy DF OF
1 Alexandre Picard James Wisniewski 60 0 2 3
2 Andrew Orpik Victor Bartley 40 0 2 3
Penalty Kill 4 Players Forward
Center Wing Time % Phy DF OF
1 Petri Kontiola Tomas Tatar 60 0 5 0
2 Alex Killorn Peter Olvecky 40 0 5 0
Penalty Kill 4 Players Defense
Defense Defense Time % Phy DF OF
1 James Wisniewski Alexandre Picard 60 0 5 0
2 Brett Carson Brian Lashoff 40 0 5 0
Penalty Kill - 3 Players Forward
Forward Time % Phy DF OF
1 Petri Kontiola 60 0 5 0
2 Alex Killorn 40 0 5 0
Penalty Kill - 3 Players Defense
Defense Defense Time % Phy DF OF
1 James Wisniewski Alexandre Picard 60 0 5 0
2 Brett Carson Brian Lashoff 40 0 5 0
4 vs 4 Forward
Center Wing Time % Phy DF OF
1 Petri Kontiola Chris Kreider 60 0 0 5
2 Alex Killorn Tomas Tatar 40 0 0 5
4 vs 4 Defense
Defense Defense Time % Phy DF OF
1 Alexandre Picard James Wisniewski 60 0 2 3
2 Victor Bartley Andrew Orpik 40 0 3 2
Last Minutes Offensive
Center Left Wing Right Wing Defense Defense
Petri Kontiola Chris Kreider Peter Olvecky Alexandre Picard James Wisniewski
Last Minutes Defensive
Center Left Wing Right Wing Defense Defense
Petri Kontiola Chris Kreider Peter Olvecky James Wisniewski Alexandre Picard
Goaltenders
Starting : Peter Budaj
Backup : Jeremy Duchesne
Extra Forwards
Normal : Alex Killorn, Chris Kreider, Petri Kontiola - PP : Chris Kreider, Petri Kontiola - PK : Petri Kontiola
Extra Defensemen
Normal : Brian Lashoff, James Wisniewski, Alexandre Picard - PP : Victor Bartley - PK : Brian Lashoff, Alexandre Picard
Penalty Shots
Petri Kontiola, Craig Smith, Chris Kreider, Peter Olvecky, Alexandre Picard
% Time on Ice - Little Stars
Lines # - Real PCT - Wanted PCT - Time Play
Normal Forward
1 - 36% - 40% - 18:46
2 - 27% - 30% - 14:06
3 - 21% - 20% - 11:14
4 - 16% - 10% - 8:26
Normal Defense
1 - 40% - 40% - 21:00
2 - 27% - 30% - 14:17
3 - 20% - 20% - 10:30
4 - 13% - 10% - 6:45
PP Forward
1 - 71% - 60% - 0:30
2 - 29% - 40% - 0:12
PP Defense
1 - 86% - 60% - 0:36
2 - 14% - 40% - 0:06
PK Forward
1 - 73% - 60% - 4:56
2 - 27% - 40% - 1:50
PK Defense
1 - 55% - 60% - 3:45
2 - 45% - 40% - 3:01
PK3 Forward
1 - 0% - 60%
2 - 0% - 40%
PK3 Defense
1 - 0% - 60%
2 - 0% - 40%
44 Forward
1 - 0% - 60%
2 - 0% - 40%
44 Defense
1 - 0% - 60%
2 - 0% - 40%
Last Minute Offensive - 0:00
Last Minute Defensive - 0:00
Total
Forward - 60:00
Defense - 60:00
|
% Time on Ice - Harfangs
Lines # - Real PCT - Wanted PCT - Time Play
Normal Forward
1 - 30% - 40% - 15:32
2 - 27% - 30% - 13:59
3 - 25% - 20% - 13:22
4 - 18% - 10% - 9:39
Normal Defense
1 - 38% - 40% - 19:48
2 - 34% - 30% - 17:46
3 - 24% - 20% - 12:49
4 - 4% - 10% - 2:09
PP Forward
1 - 57% - 60% - 3:50
2 - 43% - 40% - 2:56
PP Defense
1 - 66% - 60% - 4:27
2 - 34% - 40% - 2:19
PK Forward
1 - 100% - 60% - 0:42
2 - 0% - 40% - 0:00
PK Defense
1 - 100% - 60% - 0:42
2 - 0% - 40% - 0:00
PK3 Forward
1 - 0% - 60%
2 - 0% - 40%
PK3 Defense
1 - 0% - 60%
2 - 0% - 40%
44 Forward
1 - 0% - 60%
2 - 0% - 40%
44 Defense
1 - 0% - 60%
2 - 0% - 40%
Last Minute Offensive - 0:00
Last Minute Defensive - 0:00
Total
Forward - 60:00
Defense - 60:00
|
Play by Play
1st period
0:01 of 1st period - Petri Kontiola wins face-off versus Marcus Kruger in neutral zone.
0:57 of 1st period - Andrew Orpik is hit by Cory Murphy and loses puck.
1:36 of 1st period - Wrist shot by Chris Kreider.
1:36 of 1st period - Stopped by Ben Scrivens without a rebound.
1:37 of 1st period - Chris Dingman wins face-off versus Michal Repik in Little Stars zone.
1:37 of 1st period - Chris Dingman is hit by Alex Killorn.
2:03 of 1st period - Cody Bass is hit by Peter Olvecky and loses puck.
2:10 of 1st period - Slapshot by Chris Kreider.
2:10 of 1st period - Shot Misses the Net.
2:44 of 1st period - Snap shot by Mike Hoffman.
2:44 of 1st period - Stopped by Ben Scrivens without a rebound.
2:45 of 1st period - Landon Ferraro wins face-off versus Brandon Pirri in Little Stars zone.
3:10 of 1st period - Petri Kontiola is hit by Chris Dingman and loses puck.
3:54 of 1st period - Wrist shot by Ryan Vesce.
3:54 of 1st period - Stopped by Peter Budaj with a rebound.
4:20 of 1st period - Slapshot by Carl Hagelin.
4:20 of 1st period - Shot Misses the Net.
4:30 of 1st period - Backhand shot by Tomas Tatar.
4:30 of 1st period - Stopped by Ben Scrivens without a rebound.
4:31 of 1st period - Marcus Kruger wins face-off versus Petri Kontiola in Little Stars zone.
5:02 of 1st period - Off-side.
5:03 of 1st period - Chris Kreider wins face-off versus Cody Bass in neutral zone.
5:06 of 1st period - Snap shot by Chris Kreider.
5:06 of 1st period - Stopped by Ben Scrivens with a rebound.
5:34 of 1st period - Snap shot by Marcus Kruger.
5:34 of 1st period - Shot Misses the Net.
5:36 of 1st period - Slapshot by Clay Wilson.
5:36 of 1st period - Shot Blocked by Brian Lashoff.
5:50 of 1st period - Slapshot by Cory Murphy.
5:50 of 1st period - Shot Misses the Net.
6:18 of 1st period - Snap shot by Ryan Vesce.
6:18 of 1st period - Shot Misses the Net.
7:52 of 1st period - Wrist shot by Alex Killorn.
7:52 of 1st period - Stopped by Ben Scrivens with a rebound.
8:02 of 1st period - Slapshot by Tomas Tatar.
8:02 of 1st period - Shot Misses the Net.
8:14 of 1st period - Dustin Jeffrey is hit by Marcus Kruger and loses puck.
8:23 of 1st period - Snap shot by Kyle Okposo.
8:23 of 1st period - Shot Blocked by Alexandre Picard.
8:33 of 1st period - Minor Penalty to Dustin Jeffrey for Hooking.
8:34 of 1st period - Kyle Okposo wins face-off versus Petri Kontiola in Harfangs zone.
8:35 of 1st period - Snap shot by Chris Dingman.
8:35 of 1st period - Goal by Chris Dingman - Little Stars : 1 - Harfangs : 0.
8:36 of 1st period - Petri Kontiola wins face-off versus Marcus Kruger in neutral zone.
8:45 of 1st period - Wrist shot by Petri Kontiola.
8:45 of 1st period - Stopped by Ben Scrivens with a rebound.
9:01 of 1st period - Cody Bass is hit by Alex Killorn and loses puck.
10:00 of 1st period - Snap shot by Chris Dingman.
10:00 of 1st period - Stopped by Peter Budaj with a rebound.
10:04 of 1st period - Wrist shot by Chris Dingman.
10:04 of 1st period - Shot Blocked by Andrew Orpik.
10:06 of 1st period - Backhand shot by Danny DeKeiser.
10:06 of 1st period - Deflect By Chris Kreider.
10:06 of 1st period - Stopped by Peter Budaj without a rebound.
10:07 of 1st period - Marcus Kruger wins face-off versus Chris Kreider in Harfangs zone.
10:10 of 1st period - Snap shot by Marcus Kruger.
10:10 of 1st period - Stopped by Peter Budaj without a rebound.
10:11 of 1st period - Marcus Kruger wins face-off versus Petri Kontiola in Harfangs zone.
10:12 of 1st period - Wrist shot by Chris Dingman.
10:12 of 1st period - Stopped by Peter Budaj with a rebound.
10:14 of 1st period - Snap shot by Chris Dingman.
10:14 of 1st period - Stopped by Peter Budaj with a rebound.
10:24 of 1st period - Chris Dingman is hit by Petri Kontiola and loses puck.
10:37 of 1st period - Raphael Diaz is hit by Tomas Tatar.
10:41 of 1st period - Snap shot by Cody Bass.
10:41 of 1st period - Shot Misses the Net.
10:43 of 1st period - Snap shot by Cody Bass.
10:43 of 1st period - Shot Blocked by Andrew Orpik.
10:45 of 1st period - Slapshot by Hugh Jessiman.
10:45 of 1st period - Shot Misses the Net.
11:36 of 1st period - Chris Dingman is hit by Chris Kreider and loses puck.
13:03 of 1st period - Minor Penalty to Marcus Kruger for Interference.
13:04 of 1st period - Petri Kontiola wins face-off versus Chris Dingman in Little Stars zone.
13:08 of 1st period - Slapshot by Petri Kontiola.
13:08 of 1st period - Shot Blocked by Chris Dingman.
13:10 of 1st period - Snap shot by Peter Olvecky.
13:10 of 1st period - Shot Misses the Net.
13:12 of 1st period - Wrist shot by Peter Olvecky.
13:12 of 1st period - Goal by Peter Olvecky - Little Stars : 1 - Harfangs : 1.
13:13 of 1st period - Marcus Kruger wins face-off versus Petri Kontiola in neutral zone.
14:03 of 1st period - Wrist shot by Craig Smith.
14:03 of 1st period - Stopped by Ben Scrivens without a rebound.
14:04 of 1st period - Craig Smith wins face-off versus Corey Trivino in Little Stars zone.
14:13 of 1st period - Wrist shot by Craig Smith.
14:13 of 1st period - Shot Misses the Net.
14:15 of 1st period - Wrist shot by Craig Smith.
14:15 of 1st period - Stopped by Ben Scrivens without a rebound.
14:16 of 1st period - Petri Kontiola wins face-off versus Marcus Kruger in Little Stars zone.
15:06 of 1st period - Slapshot by Ryan Vesce.
15:06 of 1st period - Stopped by Peter Budaj with a rebound.
15:32 of 1st period - Wrist shot by Brandon Pirri.
15:32 of 1st period - Stopped by Ben Scrivens with a rebound.
15:38 of 1st period - Minor Penalty to Landon Ferraro for Hooking.
15:39 of 1st period - Petri Kontiola wins face-off versus Chris Dingman in Little Stars zone.
15:42 of 1st period - Snap shot by Chris Kreider.
15:42 of 1st period - Shot Misses the Net.
15:44 of 1st period - Slapshot by James Wisniewski.
15:44 of 1st period - Stopped by Ben Scrivens with a rebound.
16:04 of 1st period - Chris Dingman is hit by Alexandre Picard and loses puck.
16:11 of 1st period - Snap shot by Michal Repik.
16:11 of 1st period - Shot Blocked by Kyle Okposo.
16:13 of 1st period - Wrist shot by Michal Repik.
16:13 of 1st period - Stopped by Ben Scrivens without a rebound.
16:14 of 1st period - Petri Kontiola wins face-off versus Chris Dingman in Little Stars zone.
16:45 of 1st period - Snap shot by Tomas Tatar.
16:45 of 1st period - Shot Misses the Net.
16:47 of 1st period - Wrist shot by Alex Killorn.
16:47 of 1st period - Stopped by Ben Scrivens with a rebound.
16:53 of 1st period - Snap shot by Alex Killorn.
16:53 of 1st period - Stopped by Ben Scrivens without a rebound.
16:54 of 1st period - Chris Dingman wins face-off versus Petri Kontiola in Little Stars zone.
17:37 of 1st period - Icing by Petri Kontiola.
17:38 of 1st period - Penalty to Landon Ferraro is over, Landon Ferraro is back on ice.
17:38 of 1st period - Petri Kontiola wins face-off versus Hugh Jessiman in Harfangs zone.
18:50 of 1st period - Wrist shot by Chris Dingman.
18:50 of 1st period - Stopped by Peter Budaj without a rebound.
18:51 of 1st period - Craig Smith wins face-off versus Marcus Kruger in Harfangs zone.
18:58 of 1st period - Slapshot by Alexandre Picard.
18:58 of 1st period - Stopped by Ben Scrivens with a rebound.
19:25 of 1st period - Snap shot by Roman Wick.
19:25 of 1st period - Shot Blocked by Mathieu Roy.
19:27 of 1st period - Snap shot by Dustin Jeffrey.
19:27 of 1st period - Deflect By Craig Smith.
19:27 of 1st period - Shot Misses the Net.
19:27 of 1st period - Puck is out of play.
19:28 of 1st period - Petri Kontiola wins face-off versus Marcus Kruger in Little Stars zone.
19:51 of 1st period - Minor Penalty to Chris Kreider for Roughing.
19:52 of 1st period - Marcus Kruger wins face-off versus Petri Kontiola in Harfangs zone.
Goals for this period are 1 for Little Stars vs 1 for Harfangs.
Shots for this period are 9 for Little Stars vs 15 for Harfangs.
2nd period
0:01 of 2nd period - Kyle Okposo wins face-off versus Petri Kontiola in neutral zone.
0:26 of 2nd period - Alexandre Picard is hit by Hugh Jessiman and loses puck.
0:31 of 2nd period - Wrist shot by Cody Bass.
0:31 of 2nd period - Goal by Cody Bass - Little Stars : 2 - Harfangs : 1.
0:32 of 2nd period - Petri Kontiola wins face-off versus Kyle Okposo in neutral zone.
0:41 of 2nd period - Slapshot by Peter Olvecky.
0:41 of 2nd period - Goal by Peter Olvecky - Little Stars : 2 - Harfangs : 2.
0:42 of 2nd period - Petri Kontiola wins face-off versus Marcus Kruger in neutral zone.
0:47 of 2nd period - Slapshot by Alexandre Picard.
0:47 of 2nd period - Stopped by Ben Scrivens without a rebound.
0:48 of 2nd period - Marcus Kruger wins face-off versus Petri Kontiola in Little Stars zone.
0:48 of 2nd period - Marcus Kruger is hit by Chris Kreider.
1:16 of 2nd period - James Wisniewski is hit by Cody Bass and loses puck.
1:39 of 2nd period - Victor Bartley is hit by Ryan Vesce and loses puck.
2:03 of 2nd period - Snap shot by Roman Wick.
2:03 of 2nd period - Stopped by Ben Scrivens with a rebound.
2:42 of 2nd period - Snap shot by Marcus Kruger.
2:42 of 2nd period - Shot Misses the Net.
2:54 of 2nd period - Wrist shot by Craig Smith.
2:54 of 2nd period - Stopped by Ben Scrivens without a rebound.
2:55 of 2nd period - Petri Kontiola wins face-off versus Cody Bass in Little Stars zone.
3:27 of 2nd period - Snap shot by Carl Hagelin.
3:27 of 2nd period - Stopped by Peter Budaj with a rebound.
3:29 of 2nd period - Wrist shot by Ryan Vesce.
3:29 of 2nd period - Stopped by Peter Budaj with a rebound.
3:31 of 2nd period - Slapshot by Jared Spurgeon.
3:31 of 2nd period - Deflect By Carl Hagelin.
3:31 of 2nd period - Shot Misses the Net.
3:31 of 2nd period - Puck is out of play.
3:32 of 2nd period - Petri Kontiola wins face-off versus Cody Bass in Harfangs zone.
3:43 of 2nd period - Slapshot by Cory Murphy.
3:43 of 2nd period - Goal by Cory Murphy - Little Stars : 3 - Harfangs : 2.
3:44 of 2nd period - Petri Kontiola wins face-off versus Marcus Kruger in neutral zone.
3:47 of 2nd period - Kyle Okposo is hit by Chris Kreider and loses puck.
3:56 of 2nd period - Snap shot by Chris Kreider.
3:56 of 2nd period - Stopped by Ben Scrivens with a rebound.
3:58 of 2nd period - Snap shot by Chris Kreider.
3:58 of 2nd period - Shot Misses the Net.
4:00 of 2nd period - Snap shot by Petri Kontiola.
4:00 of 2nd period - Stopped by Ben Scrivens with a rebound.
4:12 of 2nd period - Slapshot by Hugh Jessiman.
4:12 of 2nd period - Stopped by Peter Budaj with a rebound.
4:50 of 2nd period - Roman Wick is hit by Danny DeKeiser and loses puck.
5:09 of 2nd period - Wrist shot by Cody Bass.
5:09 of 2nd period - Deflect By Peter Olvecky.
5:09 of 2nd period - Goal by Cody Bass - Little Stars : 4 - Harfangs : 2.
5:09 of 2nd period - Jeremy Duchesne enters game.
5:10 of 2nd period - Marcus Kruger wins face-off versus Petri Kontiola in neutral zone.
5:13 of 2nd period - Petri Kontiola is hit by Kyle Okposo and loses puck.
5:27 of 2nd period - Alexandre Picard is hit by Chris Dingman and loses puck.
6:04 of 2nd period - Snap shot by Corey Cowick.
6:04 of 2nd period - Deflect By Mike Hoffman.
6:04 of 2nd period - Shot Misses the Net.
6:04 of 2nd period - Puck is out of play.
6:05 of 2nd period - Marcus Kruger wins face-off versus Brandon Pirri in Little Stars zone.
6:56 of 2nd period - Ryan Vesce is hit by Alex Killorn and loses puck.
7:05 of 2nd period - Snap shot by Alex Killorn.
7:05 of 2nd period - Deflect By Michal Repik.
7:05 of 2nd period - Shot Misses the Net.
7:05 of 2nd period - Puck is out of play.
7:06 of 2nd period - Marcus Kruger wins face-off versus Petri Kontiola in Little Stars zone.
7:19 of 2nd period - Off-side.
7:20 of 2nd period - Alex Killorn wins face-off versus Cody Bass in neutral zone.
8:31 of 2nd period - Backhand shot by Victor Bartley.
8:31 of 2nd period - Deflect By Brandon Pirri.
8:31 of 2nd period - Stopped by Ben Scrivens without a rebound.
8:32 of 2nd period - Chris Dingman wins face-off versus Brandon Pirri in Little Stars zone.
8:56 of 2nd period - Slapshot by Brett Carson.
8:56 of 2nd period - Shot Misses the Net.
8:58 of 2nd period - Slapshot by Brian Lashoff.
8:58 of 2nd period - Shot Blocked by Mathieu Roy.
9:00 of 2nd period - Wrist shot by Brett Carson.
9:00 of 2nd period - Shot Misses the Net.
9:02 of 2nd period - Slapshot by Brian Lashoff.
9:02 of 2nd period - Stopped by Ben Scrivens with a rebound.
9:04 of 2nd period - Snap shot by Brett Carson.
9:04 of 2nd period - Stopped by Ben Scrivens with a rebound.
9:06 of 2nd period - Slapshot by Brett Carson.
9:06 of 2nd period - Shot Misses the Net.
9:15 of 2nd period - Snap shot by Mike Hoffman.
9:15 of 2nd period - Deflect By Brandon Pirri.
9:15 of 2nd period - Deflect By Chris Dingman.
9:15 of 2nd period - Stopped by Ben Scrivens with a rebound.
9:17 of 2nd period - Slapshot by Victor Bartley.
9:17 of 2nd period - Shot Blocked by Kyle Okposo.
9:19 of 2nd period - Wrist shot by Mike Hoffman.
9:19 of 2nd period - Deflect By Corey Cowick.
9:19 of 2nd period - Stopped by Ben Scrivens with a rebound.
9:25 of 2nd period - Slapshot by Corey Cowick.
9:25 of 2nd period - Shot Misses the Net.
9:27 of 2nd period - Snap shot by Corey Cowick.
9:27 of 2nd period - Shot Blocked by Mathieu Roy.
9:29 of 2nd period - Slapshot by Victor Bartley.
9:29 of 2nd period - Stopped by Ben Scrivens with a rebound.
9:33 of 2nd period - Snap shot by Corey Cowick.
9:33 of 2nd period - Shot Misses the Net.
9:37 of 2nd period - Backhand shot by Mike Hoffman.
9:37 of 2nd period - Stopped by Ben Scrivens with a rebound.
9:39 of 2nd period - Snap shot by Brandon Pirri.
9:39 of 2nd period - Shot Blocked by Chris Dingman.
9:41 of 2nd period - Slapshot by Alexandre Picard.
9:41 of 2nd period - Shot Misses the Net.
9:43 of 2nd period - Snap shot by Corey Cowick.
9:43 of 2nd period - Shot Blocked by Cory Murphy.
9:45 of 2nd period - Wrist shot by Corey Cowick.
9:45 of 2nd period - Shot Misses the Net.
9:55 of 2nd period - Wrist shot by Corey Cowick.
9:55 of 2nd period - Stopped by Ben Scrivens with a rebound.
10:01 of 2nd period - Slapshot by Mike Hoffman.
10:01 of 2nd period - Shot Blocked by Mathieu Roy.
10:03 of 2nd period - Snap shot by Corey Cowick.
10:03 of 2nd period - Goal by Corey Cowick - Little Stars : 4 - Harfangs : 3.
10:04 of 2nd period - Petri Kontiola wins face-off versus Cody Bass in neutral zone.
11:14 of 2nd period - Snap shot by Peter Olvecky.
11:14 of 2nd period - Stopped by Ben Scrivens without a rebound.
11:15 of 2nd period - Petri Kontiola wins face-off versus Corey Trivino in Little Stars zone.
11:42 of 2nd period - Cody Bass is hit by Brian Lashoff and loses puck.
12:00 of 2nd period - Icing by Danny DeKeiser.
12:01 of 2nd period - Landon Ferraro wins face-off versus Craig Smith in Little Stars zone.
12:33 of 2nd period - Danny DeKeiser is hit by Chris Kreider and loses puck.
12:52 of 2nd period - Wrist shot by Cody Bass.
12:52 of 2nd period - Stopped by Jeremy Duchesne without a rebound.
12:53 of 2nd period - Alex Killorn wins face-off versus Cody Bass in Harfangs zone.
13:08 of 2nd period - Slapshot by Tomas Tatar.
13:08 of 2nd period - Shot Blocked by Clay Wilson.
13:20 of 2nd period - Petri Kontiola is hit by Clay Wilson and loses puck.
13:49 of 2nd period - Snap shot by Craig Smith.
13:49 of 2nd period - Stopped by Ben Scrivens with a rebound.
13:51 of 2nd period - Slapshot by Victor Bartley.
13:51 of 2nd period - Shot Misses the Net.
14:13 of 2nd period - Mathieu Roy is hit by Tomas Tatar and loses puck.
14:28 of 2nd period - Snap shot by Cody Bass.
14:28 of 2nd period - Shot Misses the Net.
14:56 of 2nd period - Chris Kreider is hit by Marcus Kruger and loses puck.
15:09 of 2nd period - Snap shot by Alexander Vasyunov.
15:09 of 2nd period - Stopped by Jeremy Duchesne without a rebound.
15:10 of 2nd period - Alex Killorn wins face-off versus Landon Ferraro in Harfangs zone.
15:21 of 2nd period - Snap shot by Matt Halischuk.
15:21 of 2nd period - Stopped by Jeremy Duchesne with a rebound.
15:23 of 2nd period - Wrist shot by Matt Halischuk.
15:23 of 2nd period - Stopped by Jeremy Duchesne with a rebound.
15:44 of 2nd period - Snap shot by Craig Smith.
15:44 of 2nd period - Shot Misses the Net.
15:46 of 2nd period - Slapshot by Brian Lashoff.
15:46 of 2nd period - Stopped by Ben Scrivens without a rebound.
15:47 of 2nd period - Petri Kontiola wins face-off versus Cody Bass in Little Stars zone.
18:03 of 2nd period - Slapshot by Alexander Vasyunov.
18:03 of 2nd period - Shot Misses the Net.
18:11 of 2nd period - Slapshot by Victor Bartley.
18:11 of 2nd period - Stopped by Ben Scrivens without a rebound.
18:12 of 2nd period - Petri Kontiola wins face-off versus Cody Bass in Little Stars zone.
18:15 of 2nd period - Wrist shot by Petri Kontiola.
18:15 of 2nd period - Shot Misses the Net.
18:37 of 2nd period - Alexandre Picard is hit by Ryan Vesce and loses puck.
18:42 of 2nd period - Wrist shot by Ryan Vesce.
18:42 of 2nd period - Shot Hit the Post.
19:24 of 2nd period - Wrist shot by Matt Halischuk.
19:24 of 2nd period - Goal by Matt Halischuk - Little Stars : 5 - Harfangs : 3.
19:25 of 2nd period - Marcus Kruger wins face-off versus Chris Kreider in neutral zone.
19:50 of 2nd period - Brian Lashoff is hit by Cody Bass and loses puck.
Goals for this period are 4 for Little Stars vs 2 for Harfangs.
Shots for this period are 11 for Little Stars vs 19 for Harfangs.
3rd period
0:01 of 3rd period - Petri Kontiola wins face-off versus Marcus Kruger in neutral zone.
0:10 of 3rd period - Chris Dingman is hit by Alexandre Picard and loses puck.
0:37 of 3rd period - Cory Murphy is hit by Alexandre Picard and loses puck.
0:54 of 3rd period - Brett Carson is hit by Mathieu Roy and loses puck.
1:05 of 3rd period - Minor Penalty to Mathieu Roy for Holding.
1:06 of 3rd period - Petri Kontiola wins face-off versus Chris Dingman in Little Stars zone.
2:40 of 3rd period - Icing by Alexandre Picard.
2:41 of 3rd period - Kyle Okposo wins face-off versus Peter Olvecky in Harfangs zone.
3:05 of 3rd period - Penalty to Mathieu Roy is over, Mathieu Roy is back on ice.
3:15 of 3rd period - Hugh Jessiman is hit by Roman Wick and loses puck.
4:03 of 3rd period - Snap shot by Matt Halischuk.
4:03 of 3rd period - Shot Blocked by Peter Olvecky.
4:18 of 3rd period - Andrew Orpik is hit by Cameron Schilling and loses puck.
4:23 of 3rd period - Slapshot by Chris Dingman.
4:23 of 3rd period - Shot Blocked by Victor Bartley.
4:25 of 3rd period - Slapshot by Kyle Okposo.
4:25 of 3rd period - Stopped by Jeremy Duchesne with a rebound.
4:39 of 3rd period - Slapshot by Jesse Joensuu.
4:39 of 3rd period - Stopped by Jeremy Duchesne with a rebound.
4:41 of 3rd period - Wrist shot by Jesse Joensuu.
4:41 of 3rd period - Deflect By Cody Bass.
4:41 of 3rd period - Shot Misses the Net.
4:41 of 3rd period - Puck is out of play.
4:42 of 3rd period - Alex Killorn wins face-off versus Cody Bass in Harfangs zone.
5:01 of 3rd period - Icing by Alex Killorn.
5:02 of 3rd period - Marcus Kruger wins face-off versus Alex Killorn in Harfangs zone.
6:19 of 3rd period - Matt Halischuk is hit by Alexandre Picard.
6:55 of 3rd period - Slapshot by Brandon Pirri.
6:55 of 3rd period - Shot Misses the Net.
6:57 of 3rd period - Slapshot by Brett Carson.
6:57 of 3rd period - Stopped by Ben Scrivens with a rebound.
7:09 of 3rd period - Brett Carson is hit by Hugh Jessiman and loses puck.
7:20 of 3rd period - Brett Carson is hit by Jesse Joensuu.
7:49 of 3rd period - Off-side.
7:50 of 3rd period - Marcus Kruger wins face-off versus Petri Kontiola in neutral zone.
8:03 of 3rd period - Snap shot by Chris Dingman.
8:03 of 3rd period - Shot Misses the Net.
8:05 of 3rd period - Slapshot by Mathieu Roy.
8:05 of 3rd period - Stopped by Jeremy Duchesne with a rebound.
8:15 of 3rd period - Carl Hagelin is hit by Roman Wick and loses puck.
8:24 of 3rd period - Snap shot by Dustin Jeffrey.
8:24 of 3rd period - Shot Blocked by Ryan Vesce.
8:58 of 3rd period - Snap shot by Kyle Okposo.
8:58 of 3rd period - Shot Misses the Net.
9:04 of 3rd period - Wrist shot by Marcus Kruger.
9:04 of 3rd period - Stopped by Jeremy Duchesne with a rebound.
9:37 of 3rd period - Icing by Alex Killorn.
9:38 of 3rd period - Marcus Kruger wins face-off versus Craig Smith in Harfangs zone.
9:39 of 3rd period - Snap shot by Chris Dingman.
9:39 of 3rd period - Shot Misses the Net.
10:09 of 3rd period - Snap shot by Alex Killorn.
10:09 of 3rd period - Deflect By Tomas Tatar.
10:09 of 3rd period - Shot Misses the Net.
10:09 of 3rd period - Puck is out of play.
10:10 of 3rd period - Alex Killorn wins face-off versus Cody Bass in Little Stars zone.
10:17 of 3rd period - Slapshot by Cody Bass.
10:17 of 3rd period - Stopped by Jeremy Duchesne without a rebound.
10:18 of 3rd period - Cody Bass wins face-off versus Petri Kontiola in Harfangs zone.
10:26 of 3rd period - Minor Penalty to Cody Bass for Roughing.
10:27 of 3rd period - Kyle Okposo wins face-off versus Petri Kontiola in Little Stars zone.
11:09 of 3rd period - Raphael Diaz is hit by Petri Kontiola and loses puck.
11:48 of 3rd period - Tomas Tatar is hit by Mathieu Roy and loses puck.
12:26 of 3rd period - Penalty to Cody Bass is over, Cody Bass is back on ice.
13:21 of 3rd period - Snap shot by Ryan Vesce.
13:21 of 3rd period - Stopped by Jeremy Duchesne with a rebound.
13:23 of 3rd period - Slapshot by Danny DeKeiser.
13:23 of 3rd period - Stopped by Jeremy Duchesne with a rebound.
13:25 of 3rd period - Slapshot by Danny DeKeiser.
13:25 of 3rd period - Deflect By Brian Lashoff.
13:25 of 3rd period - Stopped by Jeremy Duchesne with a rebound.
13:37 of 3rd period - Ryan Vesce is hit by Peter Olvecky and loses puck.
14:35 of 3rd period - Andrew Orpik is hit by Hugh Jessiman and loses puck.
15:45 of 3rd period - Cody Bass is hit by Mike Hoffman and loses puck.
15:50 of 3rd period - Slapshot by Mike Hoffman.
15:50 of 3rd period - Shot Blocked by Mathieu Roy.
15:52 of 3rd period - Slapshot by James Wisniewski.
15:52 of 3rd period - Deflect By Corey Cowick.
15:52 of 3rd period - Stopped by Ben Scrivens with a rebound.
16:53 of 3rd period - Matt Halischuk is hit by Andrew Orpik and loses puck.
17:17 of 3rd period - Slapshot by Andrew Orpik.
17:17 of 3rd period - Stopped by Ben Scrivens with a rebound.
17:19 of 3rd period - Slapshot by Andrew Orpik.
17:19 of 3rd period - Shot Misses the Net.
17:25 of 3rd period - Roman Wick is hit by Matt Halischuk and loses puck.
17:30 of 3rd period - Slapshot by Clay Wilson.
17:30 of 3rd period - Goal by Clay Wilson - Little Stars : 6 - Harfangs : 3.
17:31 of 3rd period - Petri Kontiola wins face-off versus Marcus Kruger in neutral zone.
17:59 of 3rd period - Snap shot by Tomas Tatar.
17:59 of 3rd period - Shot Misses the Net.
18:09 of 3rd period - Backhand shot by Hugh Jessiman.
18:09 of 3rd period - Goal by Hugh Jessiman - Little Stars : 7 - Harfangs : 3.
18:10 of 3rd period - Marcus Kruger wins face-off versus Petri Kontiola in neutral zone.
18:15 of 3rd period - Snap shot by Chris Dingman.
18:15 of 3rd period - Stopped by Jeremy Duchesne without a rebound.
18:16 of 3rd period - Peter Olvecky wins face-off versus Marcus Kruger in Harfangs zone.
19:19 of 3rd period - Minor Penalty to Corey Trivino for Hooking.
19:20 of 3rd period - Chris Dingman wins face-off versus Petri Kontiola in Little Stars zone.
19:53 of 3rd period - Icing by Michal Repik.
19:54 of 3rd period - Alex Killorn wins face-off versus Hugh Jessiman in Harfangs zone.
Goals for this period are 2 for Little Stars vs 0 for Harfangs.
Shots for this period are 11 for Little Stars vs 3 for Harfangs.
Output by the SimonT Hockey Simulator (STHS) for François Prévost -- Original Page W3C XHTML 1.0 Valid